 Dungeon Crawl Stone Soup version 0.30-a0-743-gbfdf073431 (webtiles) character file.

Game seed: 4016025193186330779

329 M4edhros the Sneak (level 6, -3/42 HPs)
             Began as an Octopode Delver on Feb 7, 2023.
             Was a Follower of Cheibriados.
             Slain by an ogre
             ... wielding a +0 giant club
              (16 damage)
             ... on level 5 of the Dungeon.
             The game lasted 00:06:36 (1330 turns).

M4edhros the Sneak (Octopode Delver)                Turns: 1330, Time: 00:06:37

Health: -3/42      AC:  1    Str: 14    XL:     6   Next: 51%
Magic:  6/6        EV: 14    Int: 16    God:    Cheibriados [*.....]
Gold:   118        SH:  5    Dex: 18    Spells: 4/5 levels left

rFire   . . .      SeeInvis .      - Unarmed
rCold   + . .      Faith    .    f - +0 buckler
rNeg    . . .      Spirit   .    (helmet restricted)
rPois   .          Reflect  .    k - amulet of magic regeneration
rElec   .          Harm     .    h - ring of flight
rCorr   .          Rampage  .    n - ring of protection from cold
Will    .....                    (no ring)
Stlth   +++++                    (no ring)
HPRegen 0.27/turn                (no ring)
MPRegen 0.50/turn                (no ring)
                                 (no ring)
                                 (no ring)

@: flying, very slow
A: almost no armour, amphibious, 8 rings, camouflage 1, gelatinous body 1,
(nimble swimmer 1), tentacles
a: Renounce Religion, Bend Time


You were on level 5 of the Dungeon.
You worshipped Cheibriados.
Cheibriados was aware of your devotion.
You visited 2 branches of the dungeon, and saw 7 of its levels.

You collected 176 gold pieces.
You spent 58 gold pieces at shops.

Inventory:

Hand Weapons
 a - a +1 sling of electrocution
Armour
 f - a +0 buckler (worn)
 g - a +2 tower shield
Jewellery
 h - a ring of flight (left tentacle)
 k - an amulet of magic regeneration (around mantle)
 n - a ring of protection from cold (right tentacle)
Wands
 e - a wand of digging (3)
 s - a wand of polymorph (6)
Scrolls
 b - a scroll of magic mapping
 c - 2 scrolls of fear
 i - 3 scrolls of fog
 l - a scroll of immolation
 t - a scroll of vulnerability
 u - a scroll of teleportation {unknown}
Potions
 d - a potion of haste
 j - a potion of might {unknown}
 m - a potion of heal wounds {unknown}
 o - 2 potions of brilliance
 p - a potion of berserk rage {unknown}
 q - a potion of resistance
 r - a potion of attraction


   Skills:
 - Level 3.0 Fighting
 + Level 2.9 Ranged Weapons
 + Level 3.6 Dodging
 - Level 6.6 Stealth
 + Level 2.8 Shields
 - Level 3.8 Unarmed Combat


You had 4 spell levels left.
You knew the following spells:

 Your Spells              Type           Power      Damage    Failure   Level
a - Slow                  Hex            0%         N/A       32%         1

Your spell library contained the following spells:

 Spells                   Type           Power      Damage    Failure   Level
 Shock                    Conj/Air       0%         1d3       32%         1
 Blink                    Tloc           0%         N/A       45%         2
 Lesser Beckoning         Tloc           0%         N/A       45%         2
 Momentum Strike          Conj/Tloc      0%         3d8       45%         2
 Confusing Touch          Hex            0%         N/A       69%         3
 Swiftness                Air            0%         N/A       69%         3
 Vampiric Draining        Necr           0%         2d6       69%         3
 Airstrike                Air            0%         2d(0-16)  97%         4


Dungeon Overview and Level Annotations

Branches:
Dungeon (6/15)             Temple (1/1) D:5

Altars:
Cheibriados
Qazlal
Sif Muna

Shops:
D:2 [

Annotations:
D:6 Edmund


Innate Abilities, Weirdness & Mutations

You cannot wear most types of armour.
You are amphibious.
You can wear up to eight rings at the same time.
Your skin changes colour to match your surroundings (Stealth+).
Your rubbery body absorbs attacks. (AC +1, EV +1)
((You are camouflaged when in or above water. (Stealth+)))
You have tentacles for arms and can constrict up to eight enemies at once.


Message History

There is an open door here.
There is an open door here.
There is a stone staircase leading down here.
You fly downwards.
There is a stone staircase leading up here.
Found a stone staircase leading down.
Found a scroll labelled ZIR AV IZE.
u - a scroll labelled ZIR AV IZE You reach down and open the door.
An ogre comes into view. It is wielding a +0 giant club.
The ogre shouts!
There is an open door here.
Aiming: Polymorph
Press: ? - help, Shift-Dir - straight line, f - ogre
Aim: an ogre, wielding a +0 giant club (will become a water moccasin, a jelly, or a rime drake, chance to affect: 49%)
Okay, then.
Casting: Slow (safe; 32% risk of failure)
Confirm with . or Enter, or press ? or * to list all spells.
Okay, then.
Casting: Slow (safe; 32% risk of failure)
Confirm with . or Enter, or press ? or * to list all spells.
Aiming: Slow (safe; 32% risk of failure)
Press: ? - help, Shift-Dir - straight line, f - ogre
Aim: an ogre, wielding a +0 giant club (chance to affect: 32%)
The ogre seems to slow down.
The ogre is no longer moving slowly.
Okay, then.
You tentacle-slap the ogre. You squeeze the ogre!
The ogre is heavily wounded.
The ogre closely misses you.
You tentacle-slap the ogre but do no damage.
You squeeze the ogre.
The ogre is severely wounded.
The ogre hits you with a +0 giant club!!
Ouch! That really hurt!
You tentacle-slap the ogre. You squeeze the ogre.
The ogre is severely wounded.
You tentacle-slap the ogre.
The ogre is almost dead.
The ogre hits you with a +0 giant club!
You die...

##.......##
#.........#
+.........+
#.........#
#.......# #.....# #.
#..O# # #> #@#
#.##.## #.# ....#
#.# ...# ##.## #
##.## ##...##
#.##...###.....####
#...................
####<..#####.#######
##.## #.#


You could see an ogre.

Vanquished Creatures
  Sigmund (D:4)
  A bullfrog (D:3)
  A hound (D:4)
  An iguana (D:4)
  An adder (D:4)
  An ufetubus (D:4)
  2 worms
  2 dart slugs
  4 endoplasms
  2 giant cockroaches
  3 goblins
  A hobgoblin (D:4)
  3 jackals (D:4)
  4 quokkas
  4 ball pythons
  A bat (D:3)
  2 frilled lizards
  4 kobolds
  A rat (D:1)
39 creatures vanquished.

Notes
Turn   | Place    | Note
-------+----------+-------------------------------------------
     0 | D:5      | M4edhros the Octopode Delver began the quest for the Orb.
     0 | D:5      | Reached XP level 1. HP: 16/16 MP: 1/1
    41 | D:5      | Found a staircase to the Ecumenical Temple.
    46 | Temple   | Entered the Ecumenical Temple
    71 | Temple   | Became a worshipper of Cheibriados the Contemplative
    82 | D:5      | 84 chei
   113 | D:6      | Noticed Edmund
   113 | D:6      | Noticed a hound
   113 | D:6      | Noticed a scorpion
   196 | D:5      | Noticed an iguana
   282 | D:3      | Reached XP level 2. HP: 21/21 MP: 2/2
   364 | D:2      | Identified the +0 robe "Hiergh" {Drain rPois Slay+6}
   705 | D:2      | Reached XP level 3. HP: 26/26 MP: 3/3
   738 | D:2      | Found Gysyeg's Armour Shop.
   751 | D:2      | Bought a +0 buckler for 58 gold pieces
   855 | D:3      | Found a stormy altar of Qazlal.
   856 | D:3      | Noticed a bullfrog
   860 | D:3      | Killed a bullfrog
   861 | D:3      | Reached skill level 1 in Ranged Weapons
   861 | D:3      | Reached skill level 1 in Shields
   861 | D:3      | Reached XP level 4. HP: 28/31 MP: 4/4
   897 | D:3      | Reached * piety under Cheibriados
   941 | D:2      | Learned a level 1 spell: Slow
  1054 | D:4      | Noticed Sigmund
  1069 | D:4      | Killed Sigmund
  1070 | D:4      | Reached XP level 5. HP: 36/36 MP: 5/5
  1070 | D:4      | Reached XP level 6. HP: 42/42 MP: 6/6
  1330 | D:5      | Slain by an ogre

Illustrated notes

.. .. #. #.
###.### ###+###
##⌠.⌠##########
+.@.'........#
##⌠.⌠########.#
####### #.#
###.### #.# #.#
###.###### #.#
#......... #..
#....####. ##.
##.....## #
##.# #####+##
#.......#


Turn 82 on D:5: 84 chei

Levels and vault maps discovered:
D:1:      minmay_arrival_arboretum_small, layout_basic, nicolae_titane
D:2:      layout_basic, serial_shops, nicolae_shop_waterfront,
          minmay_misc_feat_tiny, corexii_item_surrounded_by_moat
D:3:      layout_loops_ring, mainiacjoe_overflow_24_doors
D:4:      layout_gridville, amethyst_killhole, chequers_mini_garden,
          kennysheep_generic_room_3, uniq_sigmund
D:5:      layout_loops_corners, temple_doors_e
D:6:      layout_rooms, nicolae_tso_carved_into_rock,
          chequers_serial_rivers_micro_a, uniq_edmund
Temple:   nicolae_temple_superstar

Skill      XL: |  1  2  3  4 |
---------------+-------------+-----
Unarmed Combat | 3 |  3.8
Ranged Weapons | 1 2 |  2.9
Shields        | 1 2 |  2.8
Dodging        | 3 |  3.6
Fighting       | |  3.0
Stealth        | |  6.6

Action                     |  1- 3 |  4- 6 || total
---------------------------+-------+-------++-------
  Melee: Unarmed           |    33 |    44 ||    77
         Constrict         |    10 |    12 ||    22
         Tentacles         |     6 |    14 ||    20
         Punch             |     2 |     4 ||     6
   Fire: Sling             |    15 |     4 ||    19
   Cast: Slow              |       |     1 ||     1
    Use: Scroll            |     6 |     4 ||    10
         Potion            |       |     1 ||     1
   Stab: Sleeping          |     9 |     2 ||    11
 Armour: Skin              |     2 |     4 ||     6
  Dodge: Dodged            |    17 |    27 ||    44
  Block: Buckler           |       |    10 ||    10

Table legend: (Time is in decaauts)
 A = Elapsed time spent in this place.
 B = Non-inter-level travel time spent in this place.
 C = Inter-level travel time spent in this place.
 D = Time resting spent in this place.
 E = Time spent auto-exploring this place.
 F = Levels seen in this place.
 G = Mean time per level.
                   A        B        C        D        E       F      G
               +--------+--------+--------+--------+--------+-----+--------+
         Total |   1660 |   1496 |    164 |      0 |     84 |   7 |  237.1 |
       Dungeon |   1624 |   1471 |    153 |      0 |     84 |   6 |  270.7 |
        Temple |     36 |     25 |     11 |      0 |      0 |   1 |   36.0 |
               +--------+--------+--------+--------+--------+-----+--------+

Top non-repeatable levels by time:
     D:4: 371 daAuts
     D:2: 364 daAuts
     D:1: 317 daAuts
     D:3: 309 daAuts
     D:5: 258 daAuts
  Temple: 36 daAuts
     D:6: 1 daAuts
